AoeStats
← gatoandaluz

MegaRandom

504848906Analyzed
1v1 RM · 26d ago on Sep 6, 2026· 74m 16s· 2 players
Game mode
Random Map
Map size
Tiny (2 player)
Population
200
Speed
Normal
Resources
Standard
Victory
Conquest
Starting age
Dark Age
Ending age
Imperial Age
RankedLock teamsTeams togetherTeam positionsShared explorationLock speedFull tech treeHidden civsTurbo modeCheats
Victory
Defeat
🇪🇸 Burgundians · Spain
323
+14
🇪🇸 Spanish · Spain
284
-14
gatoandaluz
13:31 Feudal Age
16:10 Double-Bit Axe
17:03 Wheelbarrow
23:43 Castle Age
21:36 Town Watch
24:40 Light Cavalry
25:31 Bloodlines
25:21 Husbandry
25:32 Scale Barding Armor
28:17 Bow Saw
35:00 Imperial Age
33:18 Chain Barding Armor
35:44 Hand Cart
36:00 Inquisition
36:45 Loom
38:06 Town Patrol
40:18 Two-Man Saw
40:41 Plate Barding Armor
40:43 Hussar
45:11 Forging
48:35 Ballistics
49:15 Chemistry
48:58 Pikeman
49:24 Gambesons
50:55 Halberdier
64:30 Elite Conquistador
73:19 Iron Casting
72:44 Scale Mail Armor
sntsalgado
1:40 Wheelbarrow
12:08 Horse Collar
14:19 Double-Bit Axe
16:54 Feudal Age
18:06 Bow Saw
19:01 Heavy Plow
19:18 Gold Mining
23:04 Gold Shaft Mining
22:19 Stone Mining
23:00 Scale Barding Armor
23:06 Forging
22:48 Fletching
26:22 Castle Age
24:56 Hand Cart
26:06 Stone Shaft Mining
28:21 Two-Man Saw
27:32 Loom
27:34 Town Watch
29:17 Chain Barding Armor
29:30 Husbandry
29:40 Cavalier
31:07 Crop Rotation
32:13 Iron Casting
32:04 Bodkin Arrow
34:40 Scale Mail Armor
38:46 Ballistics
38:37 Fortified Wall
38:23 Murder Holes
38:40 Masonry
41:47 Imperial Age
39:46 Squires
39:07 Pikeman
40:07 Chain Mail Armor
39:53 Padded Archer Armor
39:18 Elite Skirmisher
41:18 Treadmill Crane
42:24 Leather Archer Armor
42:14 Paladin
43:57 Architecture
43:13 Arrowslits
44:43 Blast Furnace
43:43 Bracer
44:19 Plate Barding Armor
43:42 Halberdier
43:52 Elite Coustillier
44:38 Burgundian Vineyards
44:56 Conscription
48:32 Plate Mail Armor
49:35 Hoardings
65:23 Chemistry
Connection lost

Rejoining the realm…

Still unreachable

The connection could not be restored.

Session expired

The server has moved on; the page needs a fresh start.